 Dungeon Crawl Stone Soup version 0.28.0-53-g5a82cb258f (webtiles) character file.

Game seed: 240053277292821242

93 Gabide the Bolt Thrower (level 4, -3/38 HPs)
             Began as a Barachi Hunter on June 18, 2022.
             Slain by Crazy Yiuf
             ... wielding a +3 quarterstaff of chaos
              (8 damage)
             ... on level 2 of the Dungeon.
             The game lasted 00:02:45 (2104 turns).

Gabide the Bolt Thrower (Barachi Hunter)            Turns: 2104, Time: 00:02:45

Health: -3/38      AC:  6    Str: 19    XL:     4   Next: 62%
Magic:  4/4        EV: 16    Int: 11    God:
Gold:   68         SH:  0    Dex: 15    Spells: 3/3 levels left

rFire   . . .      SeeInvis .   a - +1 hand crossbow
rCold   . . .      Faith    .   (no shield)
rNeg    . . .      Spirit   .   m - +0 ring mail
rPois   .          Reflect  .   (no helmet)
rElec   .          Harm     .   (no cloak)
rCorr   .          Rampage  .   c - +0 pair of gloves
Will    .....                   (no boots)
Stlth   +.........              (no amulet)
HPRegen 0.12/turn               e - +6 ring of strength
MPRegen 0.09/turn               (no ring)

@: agile, unable to hop, slow
A: amphibious, slowness 1, strong legs 1, +LOS
a: Hop


You were on level 2 of the Dungeon.
You visited 1 branch of the dungeon, and saw 2 of its levels.

You collected 178 gold pieces.
You spent 110 gold pieces at shops.

Inventory:

Hand Weapons
 a - a +1 hand crossbow (weapon)
 b - a +0 short sword
Missiles
 d - 33 bolts (quivered ammo)
Armour
 c - a +0 pair of gloves (worn)
 m - a +0 ring mail (worn)
Jewellery
 e - a +6 ring of strength (left hand)
Scrolls
 f - a scroll of silence {unknown}
 g - a scroll of teleportation {unknown}
 i - a scroll of acquirement {unknown}
Potions
 h - a potion of degeneration {unknown}
 j - 2 potions of curing
 k - a potion of might
 l - a potion of lignification {unknown}


   Skills:
 + Level 4.3 Fighting
 + Level 5.0 Crossbows
 - Level 2.1 Dodging
 - Level 0.8 Stealth


You had 3 spell levels left.
You didn't know any spells.
Your spell library contained the following spells:

 Spells                   Type           Power      Damage    Failure   Level
 Sublimation of Blood     Necr           0%         N/A       67%         2
 Wereblood                Tmut           0%         N/A       67%         2
 Animate Dead             Necr           0%         N/A       99%         4
 Fulminant Prism          Conj/Hex       0%         3d6       99%         4
 Iskenderun's Mystic Bla  Conj/Tloc      0%         2d3       99%         4
 Borgnjor's Vile Clutch   Necr/Erth      0%         N/A       100%        5
 Lee's Rapid Deconstruct  Erth           0%         3d5*      100%        5
 Death Channel            Necr           0%         N/A       100%        6
 Summon Hydra             Summ           0%         N/A       100%        7


Dungeon Overview and Level Annotations

Branches:
Dungeon (2/15)

Altars:

Shops:
D:2 !

Annotations:
D:2 Crazy Yiuf


Innate Abilities, Weirdness & Mutations

You are amphibious.
You cover ground slowly.
You can hop short distances.
You have an extended range of vision and can be seen from far away.


Message History

Press: ? - help, v - describe, . - travel
Here: Crazy Yiuf, wielding a +3 quarterstaff of chaos and wearing a +1 cloak (fire blocked by a runed translucent door)
The floor.
Unknown command.
You open the door.
Hop to where?
Press: ? - help, Dir - move target Boing!
You shoot a bolt. The bolt hits Crazy Yiuf!
Crazy Yiuf is heavily wounded.
You shoot a bolt.
The bolt hits Crazy Yiuf but does no damage.
Crazy Yiuf is heavily wounded.
Crazy Yiuf hits you with a +3 quarterstaff of chaos!
Crazy Yiuf burns you.
You shoot a bolt.
The bolt hits Crazy Yiuf but does no damage.
Crazy Yiuf is heavily wounded.
Crazy Yiuf misses you.
You shoot a bolt.
The bolt hits Crazy Yiuf but does no damage.
Crazy Yiuf is heavily wounded.
Crazy Yiuf drinks a potion.
Crazy Yiuf suddenly seems more resistant.
You shoot a bolt. The bolt hits Crazy Yiuf!
Crazy Yiuf is almost dead.
Crazy Yiuf barely misses you.
Crazy Yiuf says, "Two forty-two meccalolo!"
Crazy Yiuf hits you with a +3 quarterstaff of chaos!
You feel agile all of a sudden.
You shoot a bolt. The bolt closely misses Crazy Yiuf.
Crazy Yiuf flaps his cloak.
Crazy Yiuf barely misses you.
You shoot a bolt. The bolt barely misses Crazy Yiuf.
Crazy Yiuf closely misses you.
You shoot a bolt. The bolt completely misses Crazy Yiuf.
Crazy Yiuf hits you with a +3 quarterstaff of chaos!
* * * LOW HITPOINT WARNING * * *
Crazy Yiuf burns you!
You die...

.# #.............# .#
#.##.#.#.###### .#
#.######## .######.#
.##.....# .#...#########
### ..#.#.###..#.##
###..)#
........<...P.####.(...#
#.#.#.###......#@g##...#
#....## ##.#P.#.### ###
>.#.## ######## ###.#
....# ### ##### #.#
############.#
.......).....#
##############


You could see Crazy Yiuf (resistant).

Vanquished Creatures
  Jessica (D:2)
  Terence (D:2)
  An adder (D:2)
  A worm (D:2)
  6 ball pythons
  3 endoplasms
  A giant cockroach (D:1)
  2 goblins
  A hobgoblin (D:2)
  4 jackals (D:1)
  A quokka (D:2)
  3 bats (D:1)
  A frilled lizard (D:2)
  2 kobolds
  4 rats
32 creatures vanquished.

Notes
Turn   | Place    | Note
-------+----------+-------------------------------------------
     0 | D:1      | Gabide the Barachi Hunter began the quest for the Orb.
     0 | D:1      | Reached XP level 1. HP: 17/17 MP: 1/1
   140 | D:1      | Reached XP level 2. HP: 15/23 MP: 2/2
   649 | D:1      | Found a faded altar of an unknown god.
  1031 | D:2      | Found Mityif's Distillery.
  1036 | D:2      | Bought 2 potions of curing for 66 gold pieces
  1036 | D:2      | Bought a potion of might for 44 gold pieces
  1059 | D:2      | Reached XP level 3. HP: 21/29 MP: 3/3
  1376 | D:2      | Noticed Terence
  1389 | D:2      | Killed Terence
  1390 | D:2      | Reached XP level 4. HP: 10/37 MP: 4/4
  1704 | D:2      | Noticed Jessica
  1706 | D:2      | Killed Jessica
  1707 | D:2      | Reached skill level 5 in Crossbows
  1929 | D:2      | Found a runed translucent door.
  1930 | D:2      | Noticed Crazy Yiuf
  2104 | D:2      | Slain by Crazy Yiuf

Illustrated notes

Levels and vault maps discovered:
D:1:      ncdulo_watergridlock, layout_loops_ring, ebering_ecumenical_altar_hall
D:2:      layout_loops_ring, serial_shops, shop, chequers_big_river,
          uniq_jessica, uniq_crazy_yiuf_cottage, uniq_terence

Skill      XL: |  1  2  3  4 |
---------------+-------------+-----
Fighting       | 3 4 |  4.3
Crossbows      | 5 |  5.0
Dodging        | |  2.1
Stealth        | |  0.8

Action                   |  1- 3 |  4- 6 || total
-------------------------+-------+-------++-------
Melee: Short sword       |    88 |    22 ||   110
 Fire: Hand crossbow     |     5 |     9 ||    14
 Abil: Hop               |     1 |     1 ||     2
  Use: Potion            |     1 |       ||     1
Armor: Leather armour    |    25 |       ||    25
       Ring mail         |     5 |     4 ||     9
Dodge: Dodged            |    66 |    20 ||    86
